[Event "3eme tournoi de MI de JUVISY"]
[Site "Juvisy/Orge, France"]
[Date "2019.07.07"]
[Round "9.3"]
[White "DELORME, Alban"]
[Black "LAZO, Andrei"]
[Result "0-1"]
[ECO "C13"]
[WhiteElo "2327"]
[BlackElo "2279"]
[PlyCount "68"]
[EventDate "2019.??.??"]
[WhiteTeam "Echecs 16"]
[BlackTeam "Canal St Martin"]
[TimeControl "6600+1635"]
[WhiteClock "0:23:49"]
[BlackClock "0:05:40"]

1. e4 e6 2. d4 d5 3. Nc3 Nf6 4. Bg5 dxe4 5. Nxe4 Be7 6. Bxf6 gxf6 7. Nf3 f5 8. Nc3 a6 9. Qd2 b5 10. O-O-O Bb7 11. Kb1 Qd6 12. Qh6 Nd7 13. Bd3 b4 14. Na4 O-O-O 15. Rhe1 Rdg8 16. Nc5 Nxc5 17. dxc5 Qxc5 18. Ne5 Bd6 19. Nxf7 Rg6 20. Qh5 Rhg8 21. Qxh7 R8g7 22. Qh5 Kb8 23. Nd8 Bd5 24. Bxa6 Be7 25. Rxd5 exd5 26. Ne6 Qxf2 27. Qd1 Rh7 28. Bb5 Rxg2 29. Nd4 Qd2 30. Qxd2 Rxd2 31. c3 Rhxh2 32. Rg1 Rxb2+ 33. Kc1 bxc3 34. a4 Bg5+ 0-1

[Event "3eme tournoi de MI de JUVISY"]
[Site "Juvisy/Orge, France"]
[Date "2019.07.07"]
[Round "9.2"]
[White "BELKHODJA, Slim"]
[Black "NGUYEN, Vincent"]
[Result "1/2-1/2"]
[ECO "C00"]
[WhiteElo "2416"]
[BlackElo "2315"]
[PlyCount "117"]
[EventDate "2019.??.??"]
[WhiteTeam "J.E.E.N"]
[BlackTeam "Juvisy"]
[TimeControl "6600+770"]
[WhiteClock "1:01:47"]
[BlackClock "0:34:05"]

1. e4 e6 2. Qe2 Nc6 3. Nf3 e5 4. g3 Bc5 5. Bg2 d6 6. c3 a5 7. O-O Bg4 8.
h3 Bh5 9. g4 Bg6 10. Rd1 Bb6 11. d4 f6 12. Na3 Qe7 13. Nc4 Ba7 14. d5 Nd8 15. Nh4 Qd7 16. Be3 Bxe3 17. fxe3 b6 18. b4 Nb7 19. Kh2 Nh6 20. Nd2 Nf7 21. Nf1 Ng5 22. Ng3 Qa4 23. a3 Qd7 24. Rf1 Rg8 25.
Nhf5 Bxf5 26. Rxf5 h6 27. h4 Nh7 28. Bh3 g5 29. Nh5 Rg6 30.
Raf1 Ke7 31. R5f2 Qe8 32. Qc4 Qd7 33. Ng3 Nd8 34. Nf5+ Ke8 35.
h5 Rg8 36. Nxh6 Rf8 37. Rc1 Rh8 38. Nf5 Kf7 39. Bf1 Nf8 40. Kg3 Rh7 41. Qb5 Qc8 42. Rfc2 Nb7 43. Bc4 Rh8 44. Ba2 Nd7 45. Qd3 Ra7 46. Kf3 Qa8 47. Bc4 Nf8 48. Bb5 Qc8 49. Bc6 Nd8 50. Bb5 Nb7 51. c4 Nd7 52.
Qb3 Kf8 53. Bxd7 Qxd7 54. c5 dxc5 55. bxc5 bxc5 56. Rxc5 Nxc5 57. Qb8+ Qe8 58. Qxa7 Nb3 59. Qxc7 1/2-1/2